 Dungeon Crawl Stone Soup version 0.32-a0-433-g08bcfe7efd (webtiles) character file.

Game seed: 8385657828297965714

4010 BigSlothPepe the Blocker (level 10, -17/90 HPs)
             Began as a Minotaur Fighter on Feb 23, 2024.
             Was a Believer of Beogh.
             Demolished by a cyclops (18 damage)
             ... on level 8 of the Dungeon.
             The game lasted 00:36:36 (8597 turns).

BigSlothPepe the Blocker (Minotaur Fighter)         Turns: 8597, Time: 00:36:36

Health: -17/90     AC: 17    Str: 22    XL:     10   Next: 3%
Magic:  9/9        EV:  8    Int:  5    God:    Beogh [**....]
Gold:   302        SH:  0    Dex: 10    Spells: 9/9 levels left

rFire   . . .        S - +5 rapier "Fun Seri" {freeze, rC+ rN+++ rCorr Str-3}
rCold   + . .        c - +0 buckler
rNeg    + + +        H - +0 chain mail
rPois   .            (helmet restricted)
rElec   .            U - +0 cloak
rCorr   +            l - +0 pair of gloves
SInv    .            (no boots)
Will    +....        (no amulet) Stlth
                     O - +4 ring of protection
HPRegen 0.35/turn    (no ring)
MPRegen 0.11/turn

%: no passive effects
@: confused, enlightened, flying
A: horns 2, retaliatory headbutt
a: Renounce Religion, Smiting


You were on level 8 of the Dungeon.
You worshipped Beogh.
Beogh was pleased with you.
You visited 1 branch of the dungeon, and saw 8 of its levels.

You collected 387 gold pieces.
You spent 85 gold pieces at shops.


Innate Abilities, Weirdness & Mutations

Your facial features look somewhat orcish.
You have a pair of horns on your head.
You reflexively headbutt those who attack you in melee.


   Skills:
 + Level 8.4 Fighting
 - Level 2.9(3.8) Short Blades
 + Level 4.1(4.7) Long Blades
 - Level 6.6(7.8) Axes
 - Level 4.4(6.8) Maces & Flails
 - Level 4.1(6.5) Polearms
 - Level 4.0(5.7) Staves
 + Level 8.3 Armour
 + Level 8.4 Shields


You had 9 spell levels left.
You didn't know any spells.
Your spell library contained the following spells:

 Spells                   Type           Power      Damage    Failure   Level
 Ensorcelled Hibernation  Hex/Ice        0%         N/A       99%         2
 Fugue of the Fallen      Necr           0%         N/A       100%        3
 Stone Arrow              Conj/Erth      0%         3d7       100%        3
 Anguish                  Hex/Necr       0%         N/A       100%        4
 Animate Armour           Summ/Erth      0%         N/A       100%        4
 Lehudib's Crystal Spear  Conj/Erth      0%         10d2      100%        8

Inventory:

Hand Weapons
 I - a +1 flail of draining
   (You took it off Edmund on level 4 of the Dungeon)
 L - a +2 trident of venom
   (You took it off an orc on level 4 of the Dungeon)
 S - the +5 rapier "Fun Seri" (weapon) {freeze, rC+ rN+++ rCorr Str-3}
   (You found it on level 5 of the Dungeon)

   Str-3:     It affects your strength (-3).
   rC+:       It protects you from cold.
   rN+++:     It renders you almost immune to negative energy.
   rCorr:     It protects you from acid and corrosion.
 W - a +8 great sword of freezing
   (You took it off a wight on level 6 of the Dungeon)
 X - a +2 orcbow of flaming
   (You took it off a centaur on level 5 of the Dungeon)
Missiles
 e - 83 stones
 o - 7 boomerangs (quivered)
 v - 9 poisoned darts
 R - 2 throwing nets {=f!f}
Armour
 a - a scarf of shadows
   (You found it on level 7 of the Dungeon)
 c - a +0 buckler (worn)
 l - a +0 pair of gloves (worn)
   (You found it on level 1 of the Dungeon)
 u - +0 steam dragon scales
   (You found it on level 8 of the Dungeon)
 x - a scarf of shadows
   (You found it on level 2 of the Dungeon)
 H - a +0 chain mail (worn)
   (You bought it in a shop on level 3 of the Dungeon)
 U - a +0 cloak (worn)
   (You found it on level 6 of the Dungeon)
Magical Staves
 p - a staff of fire {!a}
   (You took it off a goblin on level 2 of the Dungeon)
 Y - a staff of fire {!a}
   (You took it off a centaur on level 7 of the Dungeon)
Jewellery
 f - a ring of fire
   (You took it off an orc on level 7 of the Dungeon)
 F - a ring of fire
   (You found it on level 6 of the Dungeon)
 G - an amulet of guardian spirit
   (You found it on level 8 of the Dungeon)
 O - a +4 ring of protection (left hand)
   (You found it on level 7 of the Dungeon)
Wands
 M - a wand of digging (8)
   (You found it on level 4 of the Dungeon)
 Q - a wand of flame (3)
   (You took it off an orc on level 5 of the Dungeon)
 Z - a wand of mindburst (6)
   (You took it off a centaur on level 7 of the Dungeon)
Scrolls
 i - 4 scrolls of revelation
 j - 3 scrolls of vulnerability {!r!r}
 k - a scroll of blinking {unknown}
 n - 4 scrolls of identify {@r1}
 q - a scroll of acquirement {unknown}
 r - a scroll of amnesia {unknown}
 s - a scroll of torment {unknown}
 E - 3 scrolls of immolation {!r!r}
 N - 2 scrolls of teleportation {@r4}
 P - 2 scrolls of noise {unknown}
Potions
 b - 2 potions of mutation {unknown}
 d - a potion of might
 g - 2 potions of curing {unknown}
 h - a potion of ambrosia {unknown}
 m - a potion of enlightenment
 t - 3 potions of attraction {!q}
 w - a potion of berserk rage {unknown}
 B - a potion of magic {unknown}
 C - 3 potions of brilliance
 D - a potion of lignification {unknown}
 K - a potion of degeneration {unknown}
 V - a potion of haste {unknown}

Dungeon Overview and Level Annotations

Branches:
Dungeon (8/15) Zot: 25744  Temple (0/1) D:4
   Lair: D:8-11

Altars:
Trog
Uskayaw
Xom

Shops:
D:3

[
......†....................P.....
~~~~~≈~~≈≈~~~~~~~~~~~~~~≈~~~~~~≈~
≈≈≈≈~≈≈≈≈≈≈≈≈≈≈~≈≈~≈~≈≈≈≈≈≈≈≈≈≈≈≈
~≈#####~~~~≈≈~~≈≈~~~~~~~≈≈~~~≈~~{
~≈#oO.#..............)...........
~~#...###########################
~≈###+# .. g.o'.. ~≈≈.#
###'######### o###.. ~≈~.#
#.#.K@oO..o.. #.. ≈≈~.#
#.#.Coo.o.... ##' ~~~.#
#?#.......... #.. ~~≈.#
#÷'.......... #.. ~≈~.#
############# ### ~≈≈.# ~≈~.#.'
~≈###'# ~≈#...#############


You could see a cyclops, a kobold brigand, an ogre, 3 orc priests and 2 orc
wizards.


Message History

You are too injured to fight recklessly!
Unknown command.
You closely miss the water moccasin.
You feel very sick.
The water moccasin bites you but does no damage. 😨 HP[-5]
You take 5 damage, and now have 44/89 hp.
You miss the water moccasin.
You feel very sick.
The water moccasin bites you but does no damage. 😨 HP[-4]
You take 4 damage, and now have 40/89 hp.
You closely miss the water moccasin. You headbutt the water moccasin.
You kill the water moccasin!
Beogh accepts your kill.
You feel very sick. 😨 HP[-3]
You now have 90 max hp (+1).
You take 3 damage, and now have 37/90 hp.
You hit the wight.
You feel sick. You block the wight's attack. 😨 HP[-2]
You take 2 damage, and now have 35/90 hp.
You hit the wight but do no damage.
You feel sick. You block the wight's attack. 😨 HP[-1]
You take 1 damage, and now have 34/90 hp.
You hit the wight but do no damage.
You feel sick. The wight hits you with a +0 flail.
* * * LOW HITPOINT WARNING * * *
😨 HP[-3]
You take 3 damage, and now have 31/90 hp.
As you read the scroll of teleportation {@r4}, it crumbles to dust.
You feel strangely unstable.
You feel sick. The wight closely misses you. 😨 HP[-1]
You take 1 damage, and now have 30/90 hp.
You feel sick. The wight attacks as it pursues you!
The wight hits you with a +0 flail.
* * * LOW HITPOINT WARNING * * *
😨 HP[-5]
You take 5 damage, and now have 25/90 hp.
Your surroundings suddenly seem different.
An orc wizard, a cyclops, a kobold brigand and an orc priest come into view.
The kobold brigand is wielding a +0 short sword and quivering poisoned darts.
You feel sick.
The orc wizard shouts! x2; The cyclops shouts!
The kobold brigand shouts!
The orc priest shouts!
You hear a shout!
An orc priest comes into view. It is wielding a +0 dagger.
An ogre comes into view. It is wielding a +0 giant spiked club.
The orc priest hits you but does no damage.
The cyclops throws a large rock.
The large rock closely misses you. 😨 HP[-1]
You take 1 damage, and now have 24/90 hp.
You puncture the kobold brigand! You freeze the kobold brigand.
Your headbutt misses the kobold brigand.
You feel sick.
The orc priest begins to cast a cantrip, but forgets the words!
You block the kobold brigand's attack.
The orc wizard hits you but does no damage.
You hit the kobold brigand. You freeze the kobold brigand.
Your headbutt misses the kobold brigand.
You feel sick. The kobold brigand closely misses you.
The orc priest hits you but does no damage. 😨 HP[-1]
You take 1 damage, and now have 23/90 hp.
You closely miss the kobold brigand.
You feel sick.
You are no longer poisoned.
An orc priest comes into view. It is wielding a +0 short sword.
You block the kobold brigand's attack.
The orc wizard gestures at you while chanting.
You are confused.
The orc priest hits you but does no damage.
The orc wizard points at you and mumbles some strange words.
You easily resist. 😱 HP[-1]
You take 1 damage, and now have 22/90 hp.
It was a potion of enlightenment.
You feel very buoyant.
You fly up into the air.
The kobold brigand hits you with a +0 short sword.
* * * LOW HITPOINT WARNING * * *
The orc priest mumbles some strange prayers to Beogh against you.
You are unaffected.
The orc wizard hits you but does no damage. 😱 HP[-5]
You take 5 damage, and now have 17/90 hp.
Okay, then.
Unknown command.
You are too confused!
You closely miss the kobold brigand.
The orc priest mumbles some strange prayers to Beogh against you.
Beogh smites you!
* * * LOW HITPOINT WARNING * * *
The kobold brigand hits you with a +0 short sword.
* * * LOW HITPOINT WARNING * * *
The orc wizard barely misses you.
The orc priest hits you but does no damage.
The orc wizard casts a spell at you. You resist with almost no effort.
The cyclops hits you!!
You die...

Skill      XL: |  1  2  3  4  5  6  7  8  9 |
---------------+----------------------------+-----
Armour         | 4 5 6 8 |  8.3
Fighting       | 4 5 6 8 |  8.4
Axes           | 3 4 5 6 |  6.6
Shields        | 4 5 6 8 |  8.4
Maces & Flails | 1 2 4 |  4.4
Polearms       | 1 2 3 4 |  4.1
Staves         | 2 3 4 |  4.0
Short Blades   | 2 |  2.9
Long Blades    | 4 |  4.1

Action                     |  1- 3 |  4- 6 |  7- 9 | 10-12 || total
---------------------------+-------+-------+-------+-------++-------
  Melee: War axe           |   113 |    30 |       |       ||   143
         Headbutt          |    12 |    13 |    56 |     3 ||    84
         Trident           |       |    46 |    68 |       ||   114
         Flail             |       |    13 |       |       ||    13
         Rapier            |       |       |   236 |    24 ||   260
         Great sword       |       |       |    11 |       ||    11
  Throw: Stone             |     3 |       |       |       ||     3
         Boomerang         |       |       |    12 |       ||    12
 Invoke: Convert to Beogh  |       |       |     1 |       ||     1
  Evoke: Wand              |       |     3 |    18 |       ||    21
    Use: Potion            |       |     1 |       |     1 ||     2
         Scroll            |       |       |     9 |     2 ||    11
 Armour: Scale mail        |    84 |     7 |       |       ||    91
         Chain mail        |       |    80 |   368 |    54 ||   502
  Dodge: Dodged            |    43 |    43 |   149 |     8 ||   243
  Block: Buckler           |    29 |    19 |    92 |    12 ||   152

Levels and vault maps discovered:
D:1:      nicolae_arrival_somewhat_less_tricky_arrival, layout_basic
D:2:      layout_basic, basic_altar
D:3:      layout_basic, hellmonk_ecumenical_altar_blasted, serial_shops,
          nicolae_shop_tiny_real_fake_doors, minmay_rat_hole
D:4:      layout_loops_ring, minmay_temple_entry_grid, nicolae_tricolors,
          uniq_edmund
D:5:      layout_basic, mainiacjoe_overflow_24_doors,
          lightli_ossuary_entry_decrepit_ruins, ebering_ghost_rock_garden,
          nicolae_letterblocks [nicolae_letter_subblock,
          nicolae_letter_subblock, nicolae_letter_subblock,
          nicolae_letter_subblock, nicolae_letter_subblock,
          nicolae_letter_subblock, nicolae_letter_subblock,
          nicolae_letter_subblock, nicolae_letter_subblock,
          nicolae_letter_subblock, nicolae_letter_subblock,
          nicolae_letter_subblock, nicolae_letter_subblock,
          nicolae_letter_subblock, nicolae_letter_subblock,
          nicolae_letter_subblock, nicolae_letter_subblock,
          nicolae_letter_subblock, nicolae_letter_subblock,
          nicolae_letter_subblock, nicolae_letter_subblock,
          nicolae_letter_subblock, nicolae_letter_subblock,
          nicolae_letter_subblock, nicolae_letter_subblock]
D:6:      layout_rooms
D:7:      layout_loops_ring, mainiacjoe_overflow_brackets, fountainhead
D:8:      lemuel_castle_with_subvaults [lemuel_castle_interior_carwin_1],
          layout_basic, nicolae_overflow_macrodata_refinement,
          kennysheep_mini_moat, erik_lair_island, enter_bailey_3, fountainhead,
          minivault_25, minmay_misc_feat_five, grunt_decor_one_mirror

Notes
Turn   | Place    | Note
-------+----------+-------------------------------------------
     0 | D:1      | BigSlothPepe the Minotaur Fighter began the quest for the
                  | Orb.
     0 | D:1      | Reached XP level 1. HP: 19/19 MP: 0/0
     0 | D:1      | magus.rc [v1.11.7]
   212 | D:1      | Reached XP level 2. HP: 26/27 MP: 1/1
   728 | D:2      | Reached skill level 4 in Armour
   736 | D:2      | Reached skill level 4 in Fighting
   736 | D:2      | Reached skill level 3 in Axes
   772 | D:2      | You add the spells Ensorcelled Hibernation, Fugue of the
                  | Fallen and Anguish to your library.
   788 | D:2      | Reached skill level 4 in Shields
   983 | D:2      | Reached XP level 3. HP: 32/33 MP: 2/2
  1275 | D:2      | Found a bloodstained altar of Trog.
  1861 | D:3      | Found a faded altar of an unknown god.
  1930 | D:3      | Reached XP level 4. HP: 40/40 MP: 3/3
  2306 | D:3      | Found Faohakloitz's Antique Armour Boutique.
  2311 | D:3      | Bought a chain mail for 85 gold pieces
  2487 | D:4      | Reached XP level 5. HP: 24/47 MP: 4/4
  2539 | D:4      | Noticed Edmund
  2543 | D:4      | Killed Edmund
  2544 | D:4      | Reached skill level 5 in Fighting
  2544 | D:4      | Reached skill level 4 in Axes
  2544 | D:4      | Reached skill level 5 in Armour
  2544 | D:4      | Reached skill level 5 in Shields
  2544 | D:4      | Reached XP level 6. HP: 47/56 MP: 5/5
  2703 | D:4      | Reached skill level 1 in Maces & Flails
  2873 | D:4      | Found a staircase to the Ecumenical Temple.
  3372 | D:5      | Entered Level 5 of the Dungeon
  3383 | D:5      | Reached skill level 1 in Polearms
  3383 | D:5      | Reached XP level 7. HP: 56/61 MP: 6/6
  3431 | D:5      | Reached skill level 5 in Axes
  3431 | D:5      | Reached skill level 2 in Maces & Flails
  3464 | D:5      | Reached skill level 1 in Staves
  3660 | D:5      | Reached skill level 2 in Polearms
  3667 | D:5      | Found a runed translucent gate.
  3667 | D:5      | Found a runed translucent gate.
  3667 | D:5      | Found a runed translucent gate.
  3684 | D:5      | Reached skill level 6 in Shields
  3964 | D:5      | Reached skill level 6 in Fighting
  3964 | D:5      | Reached skill level 2 in Staves
  3964 | D:5      | Reached skill level 6 in Armour
  4289 | D:5      | Identified the +5 rapier "Fun Seri" {freeze, rC+ rN+++
                  | rCorr Str-3}
  4442 | D:5      | Found a shimmering altar of Xom.
  4570 | D:5      | Reached XP level 8. HP: 63/70 MP: 7/7
  4745 | D:5      | Noticed zenocrate's ghost (amateur KoDe)
  4755 | D:5      | Killed zenocrate's ghost
  4756 | D:5      | Reached skill level 3 in Maces & Flails
  4934 | D:6      | Reached skill level 1 in Short Blades
  5117 | D:6      | You add the spells Stone Arrow, Animate Armour and
                  | Lehudib's Crystal Spear to your library.
  5140 | D:6      | Reached skill level 3 in Polearms
  5198 | D:6      | Reached skill level 6 in Axes
  5198 | D:6      | Reached skill level 3 in Staves
  5571 | D:6      | Reached skill level 2 in Short Blades
  5771 | D:6      | Reached skill level 4 in Maces & Flails
  5778 | D:6      | HP: 15/71 [wight/+4 long sword (11)]
  6039 | D:7      | Became a worshipper of Beogh the Shepherd
  6044 | D:7      | Reached XP level 9. HP: 36/78 MP: 8/8
  6045 | D:7      | HP: 13/78 [electric eel/bolt of electricity (14)]
  6632 | D:7      | Reached skill level 7 in Shields
  6638 | D:7      | Reached skill level 7 in Fighting
  6638 | D:7      | Reached skill level 4 in Polearms
  6676 | D:7      | Reached skill level 4 in Staves
  6676 | D:7      | Reached skill level 7 in Armour
  6847 | D:7      | Found a hide-covered altar of Uskayaw.
  7006 | D:7      | Reached skill level 1 in Long Blades
  7364 | D:8      | Reached * piety under Beogh
  7554 | D:8      | Reached skill level 2 in Long Blades
  7707 | D:8      | Noticed a troll
  7719 | D:8      | Killed a troll
  7728 | D:8      | Reached skill level 3 in Long Blades
  7925 | D:8      | Reached skill level 8 in Fighting
  7925 | D:8      | Reached skill level 8 in Shields
  7972 | D:8      | Reached skill level 8 in Armour
  8171 | D:8      | Reached ** piety under Beogh
  8179 | D:8      | Reached skill level 4 in Long Blades
  8321 | D:8      | Reached XP level 10. HP: 85/89 MP: 9/9
  8336 | D:8      | HP: 21/89 [something/magic dart (4)]
  8592 | D:8      | Noticed a cyclops
  8595 | D:8      | HP: 22/90 [poisoned by a water moccasin]
  8597 | D:8      | HP: 7/90 [orc priest/divine providence (10)]
  8597 | D:8      | HP: 1/90 [kobold brigand/+0 short sword (6)]
  8597 | D:8      | Demolished by a cyclops

Vanquished Creatures
  A troll (D:8)
  A steam dragon (D:8)
  Edmund (D:4)
  4 water moccasins
  3 black bears (D:6)
  2 wolves (D:8)
  2 centaurs
  An ogre (D:6)
  The ghost of zenocrate the Sneak, an amateur KoDe (D:5)
  2 phantoms (D:5)
  2 kobold brigands
  2 bullfrogs (D:7)
  A gnoll sergeant (D:5)
  2 scorpions
  3 wights (D:6)
  5 electric eels
  8 howler monkeys (D:8)
  A bombardier beetle (D:5)
  3 jellies
  10 hounds
  An orc priest (D:4)
  A gnoll bouda (D:7)
  An iguana (D:6)
  3 sleepcaps
  6 orc wizards
  4 adders
  22 gnolls
  2 shadow imps
  A white imp (D:5)
  An ufetubus (D:7)
  A ribbon worm (D:2)
  32 orcs
  5 bats
  8 endoplasms
  3 giant cockroaches
  4 goblins
  8 hobgoblins
  6 jackals
  8 quokkas
  2 ball pythons
  2 frilled lizards
  15 kobolds
  26 rats
217 creatures vanquished.

Vanquished Creatures (others)
  An ufetubus (D:7)
  An orc (D:8)
2 creatures vanquished.

Grand Total: 219 creatures vanquished

Table legend:
 A = Non-vault XP
 B = Vault XP
 C = Vault XP percentage of total XP
 D = Non-vault monster count
 E = Vault monster count
 F = Vault count percentage of total count
                 A         B        C        D         E       F
            +---------+---------+-------+---------+---------+-------
      Total |    4015 |    1714 |  29.9 |     173 |      44 |  20.3
            +---------+---------+-------+---------+---------+-------
        D:1 |      26 |       0 |   0.0 |      18 |       0 |   0.0
        D:2 |      33 |       0 |   0.0 |      19 |       0 |   0.0
        D:3 |      40 |      20 |  33.3 |      16 |      19 |  54.3
        D:4 |     403 |     164 |  28.9 |      38 |       1 |   2.6
        D:5 |     760 |     106 |  12.2 |      24 |       1 |   4.0
        D:6 |    1175 |       0 |   0.0 |      25 |       0 |   0.0
        D:7 |     973 |       0 |   0.0 |      22 |       0 |   0.0
        D:8 |     605 |    1424 |  70.2 |      11 |      23 |  67.6
            +---------+---------+-------+---------+---------+-------

Skill      XL: |  1  2  3  4  5  6  7  8  9 |
---------------+----------------------------+-----
Armour         | 4 5 6 8 |  8.3
Fighting       | 4 5 6 8 |  8.4
Axes           | 3 4 5 6 |  6.6
Shields        | 4 5 6 8 |  8.4
Maces & Flails | 1 2 4 |  4.4
Polearms       | 1 2 3 4 |  4.1
Staves         | 2 3 4 |  4.0
Short Blades   | 2 |  2.9
Long Blades    | 4 |  4.1

Action                     |  1- 3 |  4- 6 |  7- 9 | 10-12 || total
---------------------------+-------+-------+-------+-------++-------
  Melee: War axe           |   113 |    30 |       |       ||   143
         Headbutt          |    12 |    13 |    56 |     3 ||    84
         Trident           |       |    46 |    68 |       ||   114
         Flail             |       |    13 |       |       ||    13
         Rapier            |       |       |   236 |    24 ||   260
         Great sword       |       |       |    11 |       ||    11
  Throw: Stone             |     3 |       |       |       ||     3
         Boomerang         |       |       |    12 |       ||    12
 Invoke: Convert to Beogh  |       |       |     1 |       ||     1
  Evoke: Wand              |       |     3 |    18 |       ||    21
    Use: Potion            |       |     1 |       |     1 ||     2
         Scroll            |       |       |     9 |     2 ||    11
 Armour: Scale mail        |    84 |     7 |       |       ||    91
         Chain mail        |       |    80 |   368 |    54 ||   502
  Dodge: Dodged            |    43 |    43 |   149 |     8 ||   243
  Block: Buckler           |    29 |    19 |    92 |    12 ||   152

Illustrated notes

Table legend:
 A = Kills in this place as a percentage of kills in the entire game.
 B = Kills by you in this place as a percentage of kills by you in the entire game.
 C = Kills by friends in this place as a percentage of kills by friends in the entire game.
 D = Other kills in this place as a percentage of other kills in the entire game.
 E = Experience gained in this place as a percentage of experience gained in the entire game.
 F = Experience gained in this place divided by the number of levels of this place that you have seen.
                   A       B       C       D       E      F
               +-------+-------+-------+-------+-------+----------------------
         Total | 100.0 | 100.0 |   N/A |   N/A | 100.0 | 716.1
       Dungeon | 100.0 | 100.0 |   N/A |   N/A | 100.0 | 716.1
               +-------+-------+-------+-------+-------+----------------------

Table legend: (Time is in decaauts)
 A = Elapsed time spent in this place.
 B = Non-inter-level travel time spent in this place.
 C = Inter-level travel time spent in this place.
 D = Time resting spent in this place.
 E = Time spent auto-exploring this place.
 F = Levels seen in this place.
 G = Mean time per level.
                   A        B        C        D        E       F      G
               +--------+--------+--------+--------+--------+-----+--------+
         Total |   8709 |   8477 |    232 |   1047 |   5632 |   8 | 1088.6 |
       Dungeon |   8709 |   8477 |    232 |   1047 |   5632 |   8 | 1088.6 |
               +--------+--------+--------+--------+--------+-----+--------+

Top non-repeatable levels by time:
     D:5: 1514 daAuts
     D:7: 1346 daAuts
     D:8: 1254 daAuts
     D:6: 1159 daAuts
     D:4: 1047 daAuts
     D:2: 856 daAuts
     D:3: 800 daAuts
     D:1: 729 daAuts
